 Dungeon Crawl Stone Soup version 0.28-a0-1638-g9123634e07 (webtiles) character file.

Game seed: 13682869798500436226

7261 HallandMoats the Royal Jelly (level 11, -5/94 HPs)
             Began as a Ghoul Monk on Jan 25, 2022.
             Was the Champion of Jiyva.
             Slain by a tentacled starspawn (16 damage)
             ... on level 2 of the Abyss.
             The game lasted 00:12:45 (7183 turns).

HallandMoats the Royal Jelly (Ghoul Monk)           Turns: 7183, Time: 00:12:46

Health: -5/94      AC: 28    Str: 25    XL:     11   Next: 12%
Magic:  16/16      EV: 11    Int: 11    God:    Jiyva [******]
Gold:   1132       SH:  0    Dex: 17    Spells: 10/10 levels left

rFire   . . .      SeeInvis .   a - +4 trident "Mahuaffunie" {vorpal, Str+5}
rCold   + . .      Faith    .   (no shield)
rNeg    + + +      Spirit   .   g - +18 Lear's hauberk
rPois   ∞          Reflect  .   (helmet currently unavailable)
rElec   .          Harm     .   (no cloak)
rCorr   +          Rampage  .   (gloves currently unavailable)
Will    .....                   (boots currently unavailable)
Stlth   ..........              (no amulet)
HPRegen 1.60/turn               c - +6 ring of dexterity
MPRegen 0.65/turn               n - +6 ring of intelligence

@: about to teleport, inhibited regen
A: claws 1, cold resistance 1, negative energy resistance 3, inhibited
regeneration, torment resistance 2
a: Renounce Religion, Oozemancy, Slimify


You were on level 2 of the Abyss.
You worshipped Jiyva.
Jiyva was exalted by your worship.
You visited 1 branch of the dungeon, and saw 10 of its levels.
You visited the Abyss 1 time.

You collected 1132 gold pieces.

Inventory:

Hand Weapons
 a - the +4 trident "Mahuaffunie" (weapon) {vorpal, Str+5}
   (You found it on level 7 of the Dungeon)

   It inflicts extra damage upon your enemies.
   Str:       It affects your strength (+5).
 q - a +1 war axe of flaming
Missiles
 i - a throwing net (quivered)
Armour
 g - the +18 Lear's hauberk (worn)
   (You found it on level 4 of the Dungeon)
Jewellery
 c - a +6 ring of dexterity (left claw)
 n - a +6 ring of intelligence (right claw)
Wands
 b - a wand of flame (27)
 d - a wand of iceblast (11)
Scrolls
 e - 2 scrolls of teleportation
 f - a scroll of enchant armour
 h - a scroll of identify
 m - a scroll of silence
 o - 2 scrolls of blinking {unknown}
Potions
 j - a potion of attraction
 k - a potion of berserk rage


   Skills:
 + Level 8.1 Fighting
 - Level 5.7 Short Blades
 * Level 6.0 Polearms
 + Level 5.9 Armour
 + Level 6.7 Dodging
 - Level 2.1 Stealth
 - Level 3.3 Unarmed Combat
 + Level 8.6 Invocations


You had 10 spell levels left.
You didn't know any spells.
Your spell library contained the following spells:

 Spells                   Type           Power      Damage    Failure   Level
 Ensorcelled Hibernation  Hex/Ice        0%         N/A       97%         2
 Ignite Poison            Fire/Tmut/Pois 0%         N/A       100%        3
 Airstrike                Air            0%         N/A       100%        4
 Anguish                  Hex/Necr       0%         N/A       100%        4
 Flame Wave               Conj/Fire      0%         2d4       100%        4
 Passage of Golubria      Tloc           0%         N/A       100%        4
 Summon Lightning Spire   Summ/Air       0%         N/A       100%        4
 Lightning Bolt           Conj/Air       0%         1d11      100%        5
 Silence                  Hex/Air        0%         N/A       100%        5
 Lehudib's Crystal Spear  Conj/Erth      0%         10d2      100%        8
 Shatter                  Erth           0%         3d5*      100%        9
 Spider Form              Tmut/Pois      Unusable   N/A       N/A         3

Dungeon Overview and Level Annotations

Branches:
Dungeon (10/15)            Temple (0/1) D:6             Orc (0/2) D:10
   Lair: D:8-11

Altars:
Dithmenos
Elyvilon
Gozag
Qazlal
Jiyva

Annotations:
D:10 Erolcha


Innate Abilities, Weirdness & Mutations

You thrive by killing the living.
You are immune to poison.
You have sharp fingernails.
Your flesh is cold resistant. (rC+)
You are immune to negative energy. (rN+++)
You do not regenerate when monsters are visible.
You are immune to unholy pain and torment.


Message History

The tentacled starspawn tentacle-slaps you.
The starspawn tentacle constricts you.
Unknown command.
You barely miss the large abomination. The large abomination hits you.
The tentacled starspawn bites you.
The tentacled starspawn tentacle-slaps you but does no damage.
The starspawn tentacle constricts you.
Unknown command.
The large abomination quivers uncontrollably and liquefies into a slime creature!
The tentacled starspawn bites you!
The tentacled starspawn tentacle-slaps you but does no damage.
The starspawn tentacle constricts you.
Unknown command.
You escape the starspawn tentacle's grasp.
You swap places.
You see here 16 arrows.
You barely miss the tentacled starspawn.
The tentacled starspawn is lightly damaged.
The tentacled starspawn bites you!
The tentacled starspawn tentacle-slaps you!
* * * LOW HITPOINT WARNING * * *
It was a potion of magic.
Magic courses through your body. The tentacled starspawn bites you.
* * * LOW HITPOINT WARNING * * *
The tentacled starspawn tentacle-slaps you but does no damage.
Unknown command.
As you read the scroll of teleportation, it crumbles to dust.
You feel strangely unstable.
You feel the power of the Abyss delaying your translocation!
The slime creature hits the tentacled starspawn!
The tentacled starspawn bites you!
* * * LOW HITPOINT WARNING * * *
The tentacled starspawn misses you.
Unknown command.
Okay, then.
As you read the scroll labelled YNEUCVAOGEV, it crumbles to dust.
It is a scroll of enchant armour.
You aren't carrying any armour which can be enchanted further.
The tentacled starspawn bites you!
You die...

## . #.
###
##.##.##$#
..≈....w8#
#JX# ##@#
###


You could see a tentacled starspawn, a starspawn tentacle and a neutral slime
creature (wandering)(fellow slime).

Vanquished Creatures
  A two-headed ogre (D:9)
  Pikel (D:5)
  Maurice (D:8)
  2 trolls
  A hornet (D:8)
  Sigmund (D:5)
  3 shadows
  3 wyverns
  5 yaks
  Eustachio (D:5)
  A wraith (D:9)
  A steam dragon (D:8)
  A water moccasin (D:8)
  2 ice beasts
  4 orc warriors
  A sky beast (D:8)
  A black bear (D:6)
  A necrophage (D:6)
  An ogre (D:5)
  3 centaurs
  A gnoll sergeant (D:3)
  A bullfrog (D:7)
  4 scorpions
  A water moccasin zombie (D:7)
  5 killer bees (D:8)
  7 wights (D:8)
  An electric eel (D:10)
  A centaur zombie (D:9)
  2 bullfrog zombies
  8 orc priests
  A hound (D:5)
  4 bullfrog skeletons
  A centaur skeleton (D:7)
  Natasha (D:2)
  3 iguanas
  6 orc wizards
  A hound zombie (D:5)
  A howler monkey skeleton (D:7)
  3 howler monkey zombies
  4 adders
  4 gnolls
  A river rat (D:4)
  A shadow imp (D:7)
  A white imp (D:7)
  2 adder skeletons
  3 worms
  A dart slug (D:5)
  31 orcs
  7 giant cockroaches
  3 hobgoblins
  10 jackals
  10 kobolds
  A quokka (D:3)
  7 ball pythons
  3 bats (D:1)
  3 frilled lizards (D:1)
  6 goblins
  4 rats
189 creatures vanquished.

Vanquished Creatures (collateral kills)
  A bullfrog (D:7)
1 creature vanquished.

Vanquished Creatures (others)
  A yak (D:8)
  A killer bee (D:8)
  4 jellies
  An orc priest (D:5)
  Natasha (twice) (D:2)
  An orc wizard (D:8)
  A howler monkey zombie (D:8)
  A gnoll (D:3)
  A howler monkey skeleton (D:4)
  An adder (D:3)
  2 orcs (D:8)
  A goblin (D:3)
  A hobgoblin (D:3)
  A ball python (D:2)
  2 frilled lizards (D:2)
  3 kobolds
  52 plants
  A starspawn tentacle (Abyss:2)
77 creatures vanquished.

Grand Total: 267 creatures vanquished

Notes
Turn   | Place    | Note
-------+----------+-------------------------------------------
     0 | D:1      | HallandMoats the Ghoul Monk began the quest for the Orb.
     0 | D:1      | Reached XP level 1. HP: 19/19 MP: 0/0
    99 | D:1      | Reached XP level 2. HP: 26/26 MP: 1/1
   307 | D:1      | Reached skill level 1 in Invocations
   549 | D:1      | Reached XP level 3. HP: 25/33 MP: 2/2
   738 | D:1      | Found a faded altar of an unknown god.
   741 | D:1      | Prayed at the altar of an unknown god.
   741 | D:1      | Became a worshipper of Jiyva Jiyfu the Shapeless
   741 | D:1      | Reached * piety under Jiyva
   741 | D:1      | Reached ** piety under Jiyva
   976 | D:2      | Reached *** piety under Jiyva
  1055 | D:2      | Reached skill level 1 in Armour
  1276 | D:2      | Identified the -7 cloak "Beeterotru" {Rampage rF+}
  1294 | D:2      | Noticed Natasha
  1301 | D:2      | Killed Natasha
  1302 | D:2      | Reached skill level 1 in Short Blades
  1302 | D:2      | Reached XP level 4. HP: 24/40 MP: 4/4
  1376 | D:2      | Killed Natasha
  1490 | D:2      | Killed Natasha
  1760 | D:3      | Got the Volume of Burning Clay
  1847 | D:3      | Reached **** piety under Jiyva
  2256 | D:4      | Reached XP level 5. HP: 46/46 MP: 5/5
  2456 | D:4      | Found a glowing drain.
  2467 | D:4      | Reached XP level 6. HP: 32/53 MP: 7/7
  2541 | D:4      | Found the +18 Lear's hauberk
  3219 | D:5      | Entered Level 5 of the Dungeon
  3244 | D:5      | Reached XP level 7. HP: 52/60 MP: 8/8
  3255 | D:5      | Noticed Pikel
  3277 | D:5      | Noticed Eustachio
  3287 | D:5      | Killed Pikel
  3288 | D:5      | Reached skill level 5 in Fighting
  3288 | D:5      | Reached XP level 8. HP: 68/68 MP: 8/10
  3306 | D:5      | Killed Eustachio
  3307 | D:5      | Reached skill level 5 in Invocations
  3402 | D:5      | Reached ***** piety under Jiyva
  3505 | D:5      | Noticed Sigmund
  3516 | D:5      | Killed Sigmund
  3839 | D:6      | Found a staircase to the Ecumenical Temple.
  3890 | D:6      | Reached skill level 5 in Short Blades
  4247 | D:6      | Reached XP level 9. HP: 75/75 MP: 12/12
  4263 | D:6      | Reached ****** piety under Jiyva
  4714 | D:7      | Reached skill level 5 in Dodging
  4751 | D:7      | Identified the +4 trident "Mahuaffunie" {vorpal, Str+5}
  4939 | D:7      | Reached skill level 1 in Polearms
  4978 | D:7      | Found a stormy altar of Qazlal.
  5056 | D:7      | Found an opulent altar of Gozag.
  5392 | D:8      | Noticed Maurice
  5405 | D:8      | Killed Maurice
  5411 | D:8      | Reached XP level 10. HP: 84/84 MP: 14/14
  5573 | D:7      | Reached skill level 5 in Armour
  6298 | D:9      | Noticed a two-headed ogre
  6339 | D:9      | Killed a two-headed ogre
  6340 | D:9      | Reached skill level 5 in Polearms
  6575 | D:9      | Found a shadowy altar of Dithmenos.
  6614 | D:10     | Entered Level 10 of the Dungeon
  6644 | D:10     | Reached XP level 11. HP: 92/94 MP: 16/16
  6712 | D:10     | Found a staircase to the Orcish Mines.
  6853 | D:10     | Identified a scroll of acquirement
  6854 | D:10     | Acquired 734 gold pieces
  7056 | D:10     | Noticed Erolcha
  7155 | D:10     | Cast into level 1 of the Abyss (Erolcha)
  7171 | Abyss:2  | Noticed a tentacled starspawn
  7183 | Abyss:2  | Slain by a tentacled starspawn

Illustrated notes

Levels and vault maps discovered:
D:1:      psy_arrival_whirlpool, layout_rooms,
          hellmonk_ecumenical_altar_heavens_door
D:2:      layout_loops_ring, uniq_natasha
D:3:      layout_loops_ring, wad_rectangle_vault
D:4:      layout_basic, cheibrodos_sewer_entry_sluice, nicolae_grassy_gnolls
D:5:      layout_cave_pools, uniq_sigmund, uniq_pikel, uniq_eustachio
D:6:      layout_gridville, minmay_temple_entry_offerings
D:7:      layout_rooms, mainiacjoe_overflow_brackets,
          gammafunk_temple_overflow_wave, minmay_crossroads
D:8:      layout_basic, uniq_maurice
D:9:      layout_rooms, grunt_dithmenos_shadows
D:10:     layout_layer_cave, erik_orc_2, serial_bayou, serial_bayou_lagoon_a,
          serial_bayou_pond_a, serial_bayou_lake_a, serial_bayou_pond_c,
          uniq_erolcha
Abyss:2:  base: D:4, hangedman_cross_veins

Skill      XL: |  1  2  3  4  5  6  7  8  9 10 11 |
---------------+----------------------------------+-----
Invocations    | 1 2 3 4 6 7 8 |  8.6
Armour         | 1 2 3 4 5 |  5.9
Dodging        | 3 4 5 6 |  6.7
Fighting       | 4 5 6 7 8 |  8.1
Short Blades   | 1 2 3 5 |  5.7
Polearms       | 3 5 6 |  6.0
Stealth        | |  2.1
Unarmed Combat | |  3.3

Action                   |  1- 3 |  4- 6 |  7- 9 | 10-12 || total
-------------------------+-------+-------+-------+-------++-------
Melee: Dagger            |   121 |    86 |   362 |       ||   569
       Unarmed           |     4 |     2 |       |       ||     6
       Punch             |     3 |     6 |    16 |     8 ||    33
       Spear             |       |    47 |       |       ||    47
       Trident           |       |       |    85 |   236 ||   321
Invok: Oozemancy         |       |     1 |       |     1 ||     2
       Slimify           |       |       |       |     1 ||     1
  Use: Scroll            |       |       |       |     8 ||     8
       Potion            |       |       |       |     1 ||     1
 Stab: Sleeping          |     1 |       |       |       ||     1
Armor: Robe              |    21 |       |       |       ||    21
       Ring mail         |    13 |     7 |       |       ||    20
       Chain mail        |       |    40 |   360 |   155 ||   555
       Scale mail        |       |    10 |       |       ||    10
Dodge: Dodged            |    93 |    72 |   216 |   145 ||   526

Table legend: (Time is in decaauts)
 A = Elapsed time spent in this place.
 B = Non-inter-level travel time spent in this place.
 C = Inter-level travel time spent in this place.
 D = Time resting spent in this place.
 E = Time spent auto-exploring this place.
 F = Levels seen in this place.
 G = Mean time per level.
                   A        B        C        D        E       F      G
               +--------+--------+--------+--------+--------+-----+--------+
         Total |   7158 |   6931 |    227 |    149 |   5012 |  12 |  596.5 |
       Dungeon |   7131 |   6904 |    227 |    149 |   5012 |  10 |  713.1 |
         Abyss |     27 |     27 |      0 |      0 |      0 |   2 |   13.5 |
               +--------+--------+--------+--------+--------+-----+--------+

Top non-repeatable levels by time:
     D:8: 1078 daAuts
     D:4: 923 daAuts
     D:1: 900 daAuts
     D:6: 808 daAuts
     D:3: 747 daAuts
     D:2: 657 daAuts
     D:7: 640 daAuts
    D:10: 561 daAuts
     D:5: 468 daAuts
     D:9: 345 daAuts
 Abyss:1: 15 daAuts
 Abyss:2: 11 daAuts
